 Dungeon Crawl Stone Soup version 0.26-a0-1181-gd376ed14c5 (webtiles) character file.

Game seed: 9964509174559106707

302 uibert the Conjurer (level 6, 38/44 HPs)
             Began as a Demonspawn Conjurer on Dec 27, 2020.
             Quit the game on level 3 of the Dungeon.
             The game lasted 00:10:19 (3025 turns).

uibert the Conjurer (Demonspawn Conjurer)           Turns: 3025, Time: 00:10:19

Health: 38/44      AC:  6    Str: 10    XL:     6   Next: 14%
Magic:  9/10       EV: 14    Int: 19    God:
Gold:   158        SH:  0    Dex: 11    Spells: 7/10 levels left

rFire    . . .     SeeInvis .   r - staff of air
rCold    . . .     Faith    .   (no shield)
rNeg     . . .     Spirit   .   l - +0 ring mail
rPois    .         Reflect  .   (helmet restricted)
rElec    +         Harm     .   (no cloak)
rCorr    .         Rampage  .   (no gloves)
Will     .....                  f - +0 pair of boots
Stlth    +.........             (no amulet)
HPRegen  0.14/turn              o - ring of wizardry
MPRegen  0.12/turn              p - +4 ring of evasion

@: no status effects
A: horns 1, talons 1, miasma immunity
a: no special abilities


You were on level 3 of the Dungeon.
You visited 1 branch of the dungeon, and saw 3 of its levels.

You collected 158 gold pieces.

Inventory:

Hand Weapons
 e - a +0 short sword
Armour
 a - a +0 robe
 f - a +0 pair of boots (worn)
 l - a +0 ring mail (worn)
Magical Staves
 r - an uncursed staff of air (weapon)
Jewellery
 o - a ring of wizardry (left hand)
 p - a +4 ring of evasion (right hand)
Wands
 m - a wand of iceblast (8)
Scrolls
 b - 2 scrolls of teleportation
 h - a scroll of identify
 i - a scroll of amnesia
Potions
 g - 4 potions of haste {unknown}
 k - 4 potions of berserk rage {unknown}
 n - 2 potions of lignification {unknown}


   Skills:
 + Level 2.0 Fighting
 + Level 1.8 Armour
 - Level 1.7 Dodging
 - Level 1.7 Stealth
 + Level 2.8 Spellcasting
 * Level 6.2 Conjurations


You had 7 spell levels left.
You knew the following spells:

 Your Spells              Type           Power        Failure   Level
a - Magic Dart            Conj           100%         1%          1
b - Searing Ray           Conj           52%          1%          2

Your spell library contained the following spells:

 Spells                   Type           Power        Failure   Level
 Conjure Flame            Conj/Fire      14%          13%         3
 Dazzling Flash           Conj/Hex       28%          13%         3
 Mephitic Cloud           Conj/Pois/Air  15%          21%         3
 Blink                    Tloc           N/A          24%         2
 Call Imp                 Summ           2%           24%         2
 Slow                     Hex            2%           24%         2
 Fulminant Prism          Conj/Hex       7%           38%         4
 Iskenderun's Mystic Bla  Conj/Tloc      14%          38%         4


Dungeon Overview and Level Annotations

Branches:
Dungeon (3/15)

Altars:


Innate Abilities, Weirdness & Mutations

You have a pair of small horns on your head.
You have sharp toenails.
You are immune to miasma.


Message History

Confirm with . or Enter, or press ? or * to list all spells.
Aiming: Magic Dart (safe; 1% risk of failure)
Press: ? - help, Shift-Dir - straight line, f/p - goblin
Aim: a goblin (heavily wounded, 0% to evade)
The magic dart hits the goblin.
You kill the goblin!
Magic restored.
A kobold comes into view. It is wielding a -2 whip.
Casting: Magic Dart (safe; 1% risk of failure)
Confirm with . or Enter, or press ? or * to list all spells.
Aiming: Magic Dart (safe; 1% risk of failure)
Press: ? - help, Shift-Dir - straight line, f - kobold
Aim: a kobold, wielding a -2 whip (wandering, hasn't noticed you, 0% to evade)
The magic dart hits the kobold.
You kill the kobold!
Casting: Magic Dart (safe; 1% risk of failure)
Confirm with . or Enter, or press ? or * to list all spells.
You can't see any susceptible monsters within range! (Use Z to cast anyway.) Unknown command.
Are you sure you want to abandon this character and quit the game? (Confirm with "yes".)

#.##..# #.# #.##..###..#
#.##..# #.# #..........#
#(##..# #.# #####.###.(#
#.....# #.# .# #..# ###..##
#.#######.# #..## #..#
#.......<.###...# #..#
############....####.## #..#
#######.............
#..########...@......>.####.#
#..............##.#.##.# #.#
#..########.##.##.#.##.# #.#
#..# #.##.##)#.##.# #.# #..#
#.##.##)#.##.# #.# #..#
#.##>##)#.##.# #.# #..#
#.##.##)#>##.####.### #..#
#####.##.##)#.##.o.......
#..####...#†##.##.#.#######.##.


There were no monsters in sight!

Vanquished Creatures
  Grinder (D:3)
  A worker ant zombie (D:2)
  Robin (D:3)
  2 adders (D:2)
  An ooze (D:1)
  6 dart slugs
  A leopard gecko (D:1)
  2 orcs (D:3)
  5 giant cockroaches
  12 goblins
  6 hobgoblins
  2 jackals (D:1)
  6 kobolds
  2 quokkas
  4 bats
  2 frilled lizards
  5 rats
59 creatures vanquished.

Notes
Turn   | Place    | Note
-------+----------+-------------------------------------------
     0 | D:1      | uibert the Demonspawn Conjurer began the quest for the Orb.
     0 | D:1      | Reached XP level 1. HP: 13/13 MP: 3/3
   145 | D:1      | Gained mutation: You have a pair of small horns on your
                  | head. [demonic ancestry]
   145 | D:1      | Reached XP level 2. HP: 19/19 MP: 0/5
   449 | D:1      | Learned a level 2 spell: Searing Ray
   789 | D:1      | Reached skill level 5 in Conjurations
   812 | D:1      | Reached XP level 3. HP: 20/24 MP: 6/6
  2036 | D:2      | Reached XP level 4. HP: 25/31 MP: 2/7
  2255 | D:3      | Noticed Grinder
  2648 | D:3      | Noticed Robin
  2657 | D:3      | Killed Robin
  2658 | D:3      | Reached skill level 1 in Fighting
  2797 | D:3      | Paralysed by Grinder for 4 turns
  2809 | D:3      | Killed Grinder
  2810 | D:3      | Reached skill level 1 in Armour
  2810 | D:3      | Reached skill level 6 in Conjurations
  2810 | D:3      | Gained mutation: You have sharp toenails. [demonic
                  | ancestry]
  2810 | D:3      | Reached XP level 5. HP: 7/38 MP: 0/9
  2810 | D:3      | Gained mutation: You are immune to miasma. [demonic
                  | ancestry]
  2810 | D:3      | Reached XP level 6. HP: 8/44 MP: 0/10
  3025 | D:3      | Quit the game

Illustrated notes

Levels and vault maps discovered:
D:1:      ebering_hopf_link, layout_basic
D:2:      layout_basic
D:3:      lemuel_upstairs_altar, layout_loops_ring, uniq_grinder, uniq_robin

Skill      XL: |  1  2  3  4 |
---------------+-------------+-----
Conjurations   | 5 6 |  6.2
Fighting       | 2 |  2.0
Armour         | 1 |  1.8
Dodging        | |  1.7
Stealth        | |  1.7
Spellcasting   | |  2.8

Action                   |  1- 3 |  4- 6 || total
-------------------------+-------+-------++-------
Melee: Dagger            |     9 |       ||     9
       Short sword       |    48 |       ||    48
       Headbutt          |     7 |     4 ||    11
       Quarterstaff      |     1 |    37 ||    38
       Staff             |       |    33 ||    33
 Cast: Magic Dart        |    26 |     4 ||    30
       Searing Ray       |     9 |     5 ||    14
  Use: Scroll            |     4 |     2 ||     6
 Stab: Sleeping          |     2 |       ||     2
Armor: Robe              |     9 |       ||     9
       Ring mail         |    17 |    23 ||    40
Dodge: Dodged            |    43 |    62 ||   105

Table legend: (Time is in decaauts)
 A = Elapsed time spent in this place.
 B = Non-inter-level travel time spent in this place.
 C = Inter-level travel time spent in this place.
 D = Time resting spent in this place.
 E = Time spent auto-exploring this place.
 F = Levels seen in this place.
 G = Mean time per level.
                   A        B        C        D        E       F      G
               +--------+--------+--------+--------+--------+-----+--------+
         Total |   3045 |   2897 |    148 |    638 |   1487 |   3 | 1015.0 |
       Dungeon |   3045 |   2897 |    148 |    638 |   1487 |   3 | 1015.0 |
               +--------+--------+--------+--------+--------+-----+--------+

Top non-repeatable levels by time:
     D:1: 1204 daAuts
     D:2: 1106 daAuts
     D:3: 734 daAuts
